 Dungeon Crawl Stone Soup version 0.23-a0-269-g65e0026 (webtiles) character file.

37 Amnesiac the Digger (level 3, -2/26 HPs)
             Began as a Ghoul Earth Elementalist on Sept 30, 2018.
             Killed from afar by an orc wizard (7 damage)
             ... with a magic dart
             ... on level 3 of the Dungeon.
             The game lasted 00:03:43 (1281 turns).

Amnesiac the Digger (Ghoul Earth Elementalist)      Turns: 1281, Time: 00:03:44

Health: -2/26      AC:  2    Str: 11    XL:     3   Next: 41%
Magic:  1/5        EV: 12    Int: 11    God:
Gold:   60         SH:  0    Dex:  9    Spells: 3/6 levels left

rFire    . . .     SeeInvis .   (no weapon)
rCold    + . .     Gourm    .   (no shield)
rNeg     + + +     Faith    .   a - +0 robe {MR+}
rPois    ∞         Spirit   .   (no helmet)
rElec    .         Reflect  .   (no cloak)
rCorr    .         Harm     .   (no gloves)
MR       +....                  (no boots)
Stlth    ++........             (no amulet)
HPRegen  0.00/turn              (no ring)
MPRegen  0.09/turn              (no ring)

@: rotting
A: rotting body, claws 1, carnivore, cold resistance 1, negative energy
resistance 3, inhibited regeneration, torment resistance, unbreathing
a: no special abilities


You were on level 3 of the Dungeon.
You were not hungry.

You visited 1 branch of the dungeon, and saw 3 of its levels.

You collected 60 gold pieces.

Inventory:

Missiles
 b - 32 stones (quivered)
Armour
 a - a +0 robe of magic resistance (worn)
Scrolls
 c - a scroll of remove curse {!r}
 h - a scroll of magic mapping {!r}
Potions
 e - 3 potions of might {!q, unknown}
 f - a potion of brilliance {!q, unknown}
Comestibles
 d - 2 rations
 g - 2 chunks of flesh


   Skills:
 - Level 1.7 Dodging
 - Level 2.1 Stealth
 + Level 2.3 Spellcasting
 - Level 0.8 Transmutations
 * Level 4.4 Earth Magic


You had 3 spell levels left.
You knew the following spells:

 Your Spells              Type           Power        Failure   Level  Hunger
a - Sandblast             Erth           ##....       4%          1    ##.....
b - Passwall              Tmut/Erth      #.......     14%         2    ###....

Your spell library contained the following spells:

 Spells                   Type           Power        Failure   Level  Hunger
 Stone Arrow              Conj/Erth      #.....       34%         3    ####...
 Petrify                  Tmut/Erth      #.......     67%         4    #####..
 Lee's Rapid Deconstruct  Erth           ##........   78%         5    ######.


Dungeon Overview and Level Annotations

Branches:
Dungeon (3/15)

Altars:


Innate Abilities, Weirdness & Mutations

Your body is rotting away.
You thrive on raw meat.
You are immune to poison.
You have sharp fingernails.
You are carnivorous and can eat meat at any time.
Your flesh is cold resistant. (rC+)
You are immune to negative energy. (rN+++)
You do not regenerate when monsters are visible.
You are immune to unholy pain and torment.
You can survive without breathing.


Message History

The orc wizard casts a spell.
The orc wizard blinks!
You hear a shout!
There is an open door here.
The orc wizard casts a spell.
The orc wizard blinks!
The orc wizard gestures at you while chanting.
The magic dart hits you! The orc wizard casts a spell at you.
The magic dart hits you!
* * * LOW HITPOINT WARNING * * *
Eat one of 5 chunks of flesh? (ye/n/q)
You eat one of the 5 chunks of flesh.
This raw flesh tastes great!
Casting: Sandblast (safe; 4% risk of failure)
Confirm with . or Enter, or press ? or * to list all spells.
Aiming: Sandblast (safe; 4% risk of failure)
Press: ? - help, Shift-Dir - straight line, f - orc wizard
Aim: an orc wizard, wielding a dagger and wearing a robe The blast of sand hits the orc wizard.
The orc wizard is moderately wounded.
b - 34 stones Unknown command.
Casting: Sandblast (safe; 4% risk of failure)
Confirm with . or Enter, or press ? or * to list all spells.
Aiming: Sandblast (safe; 4% risk of failure)
Press: ? - help, Shift-Dir - straight line, f/p - orc wizard
Aim: an orc wizard, wielding a dagger and wearing a robe (moderately wounded)
The blast of sand hits the orc wizard.
The orc wizard is severely wounded.
b - 33 stones The orc wizard hits you but does no damage.
Unknown command.
Eat one of 4 chunks of flesh? (ye/n/q)
You eat one of the 4 chunks of flesh.
This raw flesh tastes great!
The orc wizard hits you but does no damage.
You closely miss the orc wizard.
The orc wizard is severely wounded.
The orc wizard hits you with a dagger.
You barely miss the orc wizard.
The orc wizard is severely wounded.
The orc wizard hits you with a dagger.
Eat one of 3 chunks of flesh? (ye/n/q)
You eat one of the 3 chunks of flesh.
This raw flesh tastes great!
The orc wizard hits you but does no damage.
Casting: Sandblast (safe; 4% risk of failure)
Confirm with . or Enter, or press ? or * to list all spells.
Aiming: Sandblast (safe; 4% risk of failure)
Press: ? - help, Shift-Dir - straight line, f/p - orc wizard
Aim: an orc wizard, wielding a dagger and wearing a robe (heavily wounded)
The blast of sand misses the orc wizard.
The blast of sand hits the orc.
You kill the orc!
b - 32 stones The orc wizard casts a spell at you.
The magic dart hits you!
Unknown command.
The orc wizard casts a spell at you. You resist with almost no effort.
The orc wizard gestures at you while chanting.
The magic dart hits you!
* * * LOW HITPOINT WARNING * * *
The orc wizard casts a spell at you. The magic dart hits you!
You die...

#.#
#.#
#.#
#.###
#.o.#
###.#
#.#
#.#
#@#
###


You could see an orc wizard.

Vanquished Creatures
  An adder (D:3)
  A leopard gecko (D:2)
  2 orcs
  3 bats
  2 giant cockroaches (D:3)
  A hobgoblin (D:2)
  4 jackals (D:1)
  A kobold (D:3)
  2 frilled lizards
  5 goblins
  A rat (D:1)
23 creatures vanquished.

Notes
Turn   | Place    | Note
-------+----------+-------------------------------------------
     0 | D:1      | Amnesiac the Ghoul Earth Elementalist began the quest for
                  | the Orb.
     0 | D:1      | Reached XP level 1. HP: 14/14 MP: 2/2
   106 | D:3      | Noticed an orc wizard
   106 | D:3      | Noticed an orc priest
   601 | D:1      | Reached XP level 2. HP: 8/19 MP: 3/3
   877 | D:1      | Learned a level 2 spell: Passwall
  1047 | D:2      | Reached skill level 4 in Earth Magic
  1136 | D:3      | Reached XP level 3. HP: 22/26 MP: 5/5
  1281 | D:3      | Killed from afar by an orc wizard

Vault maps used:
D:1:      giann_horns
D:3:      fedhas_altar_1, first_ration

Skill      XL: |  1  2 |
---------------+-------+-----
Spellcasting   | 2 |  2.3
Earth Magic    | 4 |  4.4
Dodging        | |  1.7
Stealth        | |  2.1
Transmutations | |  0.8

Action                   || total
-------------------------++-------
Melee: Unarmed           ||    79
 Cast: Sandblast         ||    26
  Use: Scroll            ||     2
 Stab: Sleeping          ||     1
  Eat: Chunk             ||    10
Armor: Robe              ||    23
Dodge: Dodged            ||    70

Table legend:
 A = Non-vault XP
 B = Vault XP
 C = Vault XP percentage of total XP
 D = Non-vault monster count
 E = Vault monster count
 F = Vault count percentage of total count
                 A         B        C        D         E       F
            +---------+---------+-------+---------+---------+-------
      Total |      54 |       0 |   0.0 |      23 |       0 |   0.0
            +---------+---------+-------+---------+---------+-------
        D:1 |      15 |       0 |   0.0 |       9 |       0 |   0.0
        D:2 |      11 |       0 |   0.0 |       5 |       0 |   0.0
        D:3 |      28 |       0 |   0.0 |       9 |       0 |   0.0
            +---------+---------+-------+---------+---------+-------
